[Event "Haarlemse Meesters 2019"]
[Site "Haarlem"]
[Date "2019.10.27"]
[Round "9.3"]
[White "De Strycker, Nathan"]
[Black "Gijswijt, Bart"]
[Result "1-0"]
[ECO "A13"]
[WhiteElo "2302"]
[BlackElo "2387"]
[Annotator "NA"]
[PlyCount "77"]
[EventDate "2019.10.19"]
[EventType "tourn"]
[EventCountry "NED"]
[SourceTitle "playchess.com"]
[Source "ChessBase"]
[SourceQuality "1"]
[TimeControl "40/5400+30:1800+30"]

1. c4 e6 2. g3 Nf6 3. Bg2 d5 4. Nf3 dxc4 5. Qa4+ Bd7 6. Qxc4 c5 7. Ne5 Qc8 8. Nxd7 Qxd7 9. d3 Nc6 10. O-O Nd4 11. Re1 b5 12. Qc3 Rc8 13. e3 $11 Nc6 14. Rd1 Be7 15. a4 a6 16. axb5 axb5 17. Bxc6 Qxc6 18. Ra7 h5 19. e4 h4 20. Nd2 hxg3 21. hxg3 c4 22. Nf3 Bc5 23. Rxf7 Bxf2+ 24. Kg2 Bb6 25. Rxf6 gxf6 26. Qxf6 Rf8 27. Qg6+ Kd8 28. Qg7 Ke8 29. dxc4 Qc7 30. Qg4 Qxc4 31. Qh5+ Rf7 32. Qh8+ Rf8 33. Qh5+ Rf7 34. Ng5 Rcc7 35. Bf4 e5 36. Qh8+ Rf8 37. Qxe5+ Re7 38. Qb8+ Bd8 39. Rxd8# 1-0

[Event "Haarlemse Meesters 2019"]
[Site "Haarlem"]
[Date "2019.10.27"]
[Round "9.4"]
[White "Tondivar, Babak"]
[Black "Hainke, Guntram"]
[Result "1-0"]
[ECO "A12"]
[WhiteElo "2324"]
[BlackElo "2365"]
[Annotator "NA"]
[PlyCount "77"]
[EventDate "2019.10.19"]
[EventType "tourn"]
[EventCountry "NED"]
[SourceTitle "playchess.com"]
[Source "ChessBase"]
[SourceQuality "1"]
[TimeControl "40/5400+30:1800+30"]

1. g3 d5 2. Nf3 Nf6 3. Bg2 c6 4. b3 Bg4 5. Bb2 Nbd7 6. d3 e6 7. O-O Bd6 8. Nbd2 O-O 9. c4 Qe7 10. a3 Rfe8 11. h3 Bh5 12. Qc2 h6 13. Rfe1 Bg6 14. b4 a5 15. c5 Bc7 $11 16. e4 e5 17. Nh4 Bh7 18. Nf1 d4 19. Nd2 Nf8 20. Nc4 Ne6 21. Nf5 Qd8 22. Nfd6 Bxd6 23. Nxd6 Re7 24. Nc4 Nd7 25. h4 Qc7 26. Bh3 axb4 27. axb4 Ree8 28. Nd6 Reb8 29. Bxe6 fxe6 30. f4 b6 31. Qc4 Nf8 32. fxe5 bxc5 33. Qxc5 Rxa1 34. Rxa1 Qb6 35. Qxb6 Rxb6 36. Ra4 c5 37. b5 Bg6 38. Ra8 Bh5 39. Ba3 1-0

[Event "Haarlemse Meesters 2019"]
[Site "Haarlem"]
[Date "2019.10.27"]
[Round "9.5"]
[White "Welling, Gerard"]
[Black "Lahaye, Rick"]
[Result "0-1"]
[ECO "D02"]
[WhiteElo "2302"]
[BlackElo "2414"]
[Annotator "NA"]
[PlyCount "108"]
[EventDate "2019.10.19"]
[EventType "tourn"]
[EventCountry "NED"]
[SourceTitle "playchess.com"]
[Source "ChessBase"]
[SourceQuality "1"]
[TimeControl "40/5400+30:1800+30"]

1. d4 d5 2. Nf3 c6 3. Bf4 Bf5 4. e3 Nd7 5. Nbd2 e6 6. Be2 Be7 7. h3 g5 8. Bg3 h5 9. c4 Nh6 10. Qb3 Qc8 11. h4 g4 12. Ne5 f6 {[%emt 0:04:33] [#]} (12... Bh7 $11) 13. Nxd7 (13. Nd3 $1 $16) 13... Qxd7 14. Bf4 Nf7 15. cxd5 exd5 16. Bd3 $11 O-O-O 17. O-O-O Bd6 18. Bxd6 Nxd6 19. g3 Qh7 20. Bxf5+ Qxf5 21. Rhf1 Kb8 22. Qc2 Qe6 23. Kb1 Rc8 24. Rc1 f5 25. Qd3 Rh7 26. Rc2 Ne4 27. Nb3 b6 28. Nc1 f4 29. exf4 Qf5 30. Ka1 Re7 31. Qa3 c5 32. Nd3 Rec7 33. Rfc1 c4 34. Ne5 Kb7 35. b4 Qf8 36. Qa4 a6 37. b5 a5 38. a3 c3 39. Nc6 Rxc6 40. bxc6+ Rxc6 41. Qb3 Nd2 42. Qa2 Qe7 43. Rxc3 Rxc3 44. Rxc3 Qe1+ 45. Kb2 Qe4 46. Kc1 Qe1+ 47. Kb2 Nc4+ 48. Rxc4 dxc4 49. Qxc4 Qxf2+ 50. Kc1 Qxg3 51. Qf7+ Kc6 52. Qe6+ Kb5 53. Kb2 Qg2+ 54. Kc3 Qc6+ 0-1